 Dungeon Crawl Stone Soup version 0.19.5 (webtiles) character file.

154 kkarme the Covert (level 5, 0/35 HPs)
             Began as an Octopode Assassin on Apr 16, 2017.
             Succumbed to Sigmund's poison
             ... on level 3 of the Dungeon.
             The game lasted 00:37:22 (2425 turns).

kkarme the Covert (Octopode Assassin)               Turns: 2425, Time: 00:37:23

Health: 0/35       AC:  1    Str: 11    XL:     5   Next: 35%
Magic:  5/5        EV: 10    Int: 18    God:
Gold:   152        SH:  6    Dex: 14    Spells: 0 memorised, 4 levels left

rFire  . . .     SeeInvis .     i - +2 dagger (venom)
rCold  . . .     Gourm    .     p - +0 shield
rNeg   . . .     Faith    .     (helmet restricted)
rPois  .         Spirit   .     (no amulet)
rElec  .         Reflect  .     (no ring)
rCorr  .         Harm     .     (no ring)
MR     .....                    (no ring)
Stlth  +++++.....               (no ring)
                                (no ring)
                                (no ring)
                                (no ring)
                                (no ring)

@: brilliant, lethally poisoned (0 -> -11), about to teleport, flying, very
slightly contaminated, hasted, very quick
A: almost no armour, stealthy swim, amphibious, 8 rings, constrict 8, camouflage
1, gelatinous body 1
a: no special abilities


You were on level 3 of the Dungeon.
You were not hungry.

You visited 1 branch of the dungeon, and saw 4 of its levels.

You collected 152 gold pieces.

Inventory:

Hand Weapons
 a - a +2 dagger
 b - a +0 blowgun
 g - a +0 short sword
 h - a +0 mace
 i - a +2 dagger of venom (weapon)
 j - a +0 rapier
 t - a +0 hand axe
 x - a +0 dagger
 y - a +0 rapier
 D - a +2 quarterstaff of chaos
 F - a +0 dagger
Missiles
 c - 39 poisoned needles (quivered)
 d - 2 curare-tipped needles
 u - 12 arrows
Armour
 m - a +0 robe
 p - a +0 shield (worn)
 r - a +0 leather armour
 E - a +0 cloak
Scrolls
 e - a scroll of teleportation
 k - a scroll of random uselessness
 q - a scroll of identify
 v - a scroll of fear {unknown}
 w - 5 scrolls of remove curse
 C - a scroll of enchant armour {unknown}
Comestibles
 f - 3 bread rations
 s - 2 meat rations
 z - a royal jelly


   Skills:
 + Level 2.4 Fighting
 + Level 2.1 Short Blades
 + Level 2.4 Throwing
 + Level 1.3 Dodging
 + Level 8.3 Stealth


You had 4 spell levels left.
You didn't know any spells.

Dungeon Overview and Level Annotations

Branches:
Dungeon (4/15)
 Temple: D:4-7

Altars:

Annotations:
D:3 Sigmund


Innate Abilities, Weirdness & Mutations

You cannot wear most types of armour.
You are very stealthy in the water. (Stealth+)
You are amphibious.
You can wear up to eight rings at the same time.
You can use your tentacles to constrict eight enemies at once.
Your skin changes colour to match your surroundings (Stealth+).
Your rubbery body absorbs attacks. (AC +1, EV +1)


Message History

You grab the frilled lizard. You squeeze the frilled lizard.
You kill the frilled lizard!
You closely miss the jackal. You grab the jackal. You constrict the jackal.
You block the jackal's attack.
Sigmund hits you from afar with a scythe of venom!
You are lethally poisoned!
A giant cockroach comes into view.
As you read the scroll of teleportation, it crumbles to dust.
You feel strangely unstable.
You constrict the jackal.
You feel sick.
The jackal bites you but does no damage.
You hit the jackal.
You kill the jackal!
You feel sick.
Sigmund hits you from afar with a scythe of venom!
* * * LOW HITPOINT WARNING * * *
The jackal closely misses you.
You see here a jackal corpse.
You closely miss the jackal. You grab the jackal.
You constrict the jackal, but do no damage.
You die...

...'.....#.........#
...###.### #.#
.......# #.#####
############.#...
#.)....).#.###
#.#........@.#
#[#.######(#.# #.#.#
#.#.# #.#.# #.#@#
#.#.# #.#h# #.#.#
#.#h# #####.#.#
#.#s. ......#..
..... #########
#..... ######


You could see Sigmund, 2 jackals and a giant cockroach.

Vanquished Creatures
  A scorpion (D:3)
  Crazy Yiuf (D:2)
  3 adders
  An ooze (D:1)
  A worm (D:2)
  A dart slug (D:2)
  An orc (D:3)
  6 bats
  A giant cockroach (D:3)
  7 goblins
  3 hobgoblins
  A jackal (D:3)
  7 kobolds
  A ball python (D:2)
  6 frilled lizards
  6 rats
47 creatures vanquished.

Notes
Turn   | Place    | Note
-------+----------+-------------------------------------------
     0 | D:1      | kkarme the Octopode Assassin began the quest for the Orb.
     0 | D:1      | Reached XP level 1. HP: 14/14 MP: 1/1
   361 | D:1      | Reached XP level 2. HP: 19/19 MP: 2/2
   379 | D:1      | Reached skill level 6 in Stealth
  1290 | D:2      | Reached XP level 3. HP: 24/24 MP: 3/3
  1527 | D:2      | Reached skill level 7 in Stealth
  1549 | D:2      | You fall through a shaft for 2 floors!
  1647 | D:3      | Reached XP level 4. HP: 28/30 MP: 4/4
  1892 | D:2      | Found a runed door.
  1896 | D:2      | Noticed Crazy Yiuf
  1900 | D:2      | Killed Crazy Yiuf
  1900 | D:2      | Reached skill level 8 in Stealth
  1900 | D:2      | Reached XP level 5. HP: 35/35 MP: 5/5
  2417 | D:3      | Noticed Sigmund
  2423 | D:3      | HP: 1/35 [Sigmund/scythe of venom (10)]
  2425 | D:3      | Succumbed to Sigmund's poison

Skill      XL: |  1  2  3  4 |
---------------+-------------+-----
Stealth        | 6 7 8 |  8.3
Fighting       | |  2.4
Short Blades   | |  2.1
Throwing       | |  2.4
Dodging        | |  1.3

Action                   |  1- 3 |  4- 6 || total
-------------------------+-------+-------++-------
Melee: Dagger            |    43 |    16 ||    59
       Constrict         |     7 |     6 ||    13
       Tentacles         |     3 |     5 ||     8
       Quarterstaff      |       |     6 ||     6
 Fire: Blowgun           |     3 |     4 ||     7
  Use: Scroll            |     4 |     3 ||     7
       Potion            |       |     5 ||     5
 Stab: Sleeping          |    18 |     5 ||    23
       Distracted        |       |     1 ||     1
  Eat: Meat ration       |     1 |       ||     1
Armor: Skin              |     1 |     2 ||     3
Dodge: Dodged            |    12 |     7 ||    19
Block: Shield            |     1 |     2 ||     3
